 Dungeon Crawl Stone Soup version 0.24-a0-335-g06ca16a (webtiles) character file.

Game seed: 1469387705298154857

7317 mortelune the Arsonist (level 10, -6/84 HPs)
             Began as a Black Draconian Fire Elementalist on May 17, 2019.
             Was a Believer of Vehumet.
             Mangled by a red ugly thing (22 damage)
             ... on level 10 of the Dungeon on May 19, 2019.
             The game lasted 01:13:35 (14883 turns).

mortelune the Arsonist (DrFE)                      Turns: 14883, Time: 01:13:36

Health: -6/84      AC: 14    Str: 12    XL:     10   Next: 90%
Magic:  12/19      EV: 13    Int: 18    God:    Vehumet [**....]
Gold:   419        SH:  4    Dex: 11    Spells: 5/21 levels left

rFire    . . .     SeeInvis .   z - +4 scimitar of Dosai {flame, rN+}
rCold    . . .     Gourm    .   B - +0 buckler
rNeg     + . .     Faith    .   (armour unavailable)
rPois    .         Spirit   .   (helmet restricted)
rElec    +         Reflect  .   F - +0 cloak
rCorr    .         Harm     .   A - +0 pair of gloves (curse)
MR       .....                  (no boots)
Stlth    ++........             v - amulet of regeneration
HPRegen  0.64/turn              c - +5 ring of protection
MPRegen  0.16/turn              I - ring of wizardry

@: barbed spikes
A: breathe lightning, unfitting armour, electricity resistance, cold-blooded, AC
+7
a: Breathe Lightning, Renounce Religion


You were on level 10 of the Dungeon.
You worshipped Vehumet.
Vehumet was pleased with you.
You were not hungry.

You visited 3 branches of the dungeon, and saw 13 of its levels.
You also visited: Volcano.

You collected 617 gold pieces.
You spent 198 gold pieces at shops.

Inventory:

Hand Weapons
 a - a +0 club
 s - a +1 vampiric spear
 z - the +4 scimitar of Dosai (weapon) {flame, rN+}
   (You bought it in a shop on level 5 of the Dungeon)

   It has been specially enchanted to burn those struck by it, causing extra
   injury to most foes and up to half again as much damage against particularly
   susceptible opponents.
   Big, fiery blades are also staple armaments of hydra-hunters.
   It protects you from negative energy.
Missiles
 i - 51 bolts
 J - a throwing net (quivered)
Armour
 A - a cursed +0 pair of gloves (worn)
 B - a +0 buckler (worn)
 F - a +0 cloak (worn)
 L - a +0 pair of gloves
Jewellery
 c - a +5 ring of protection (left hand)
 v - an amulet of regeneration (around neck)
 I - a ring of wizardry (right hand)
Wands
 m - a wand of flame (19)
 u - a wand of iceblast (14)
 H - a wand of paralysis (10)
 K - a wand of polymorph (11)
 N - a wand of acid (6)
Scrolls
 d - 2 scrolls of random uselessness
 f - 5 scrolls of remove curse
 g - a scroll of amnesia
 j - 2 scrolls of fog
 k - 3 scrolls of teleportation
 t - 3 scrolls of noise
 y - 3 scrolls of enchant armour
 C - a scroll of immolation
 D - a scroll of enchant weapon
 M - a scroll of torment {unknown}
 R - a scroll of identify
Potions
 e - 6 potions of degeneration {unknown}
 h - 2 potions of agility {unknown}
 l - a potion of might
 n - 9 potions of curing
 o - 5 potions of haste {unknown}
 q - a potion of lignification {unknown}
 r - a potion of brilliance {unknown}
 w - 3 potions of mutation {unknown}
 x - 4 potions of flight {unknown}
 E - a potion of magic {unknown}
 G - 2 potions of cancellation {unknown}
 P - 3 potions of heal wounds {unknown}
 Q - a potion of invisibility {unknown}
Miscellaneous
 O - a phial of floods
Comestibles
 b - 9 rations


   Skills:
 + Level 6.8 Fighting
 - Level 3.7 Dodging
 - Level 1.7 Stealth
 - Level 4.0 Shields
 + Level 6.3 Spellcasting
 * Level 9.0 Conjurations
 * Level 9.5 Fire Magic
 + Level 3.3 Air Magic


You had 5 spell levels left.
You knew the following spells:

 Your Spells              Type           Power        Failure   Level  Hunger
a - Flame Tongue          Conj/Fire      #####        1%          1    None
b - Throw Frost           Conj/Ice       ###...       1%          2    None
c - Conjure Flame         Conj/Fire      #####...     1%          3    ##.....
d - Sticky Flame          Conj/Fire      #####...     1%          4    ####...
e - Fireball              Conj/Fire      #####.....   2%          5    #####..
q - Shock                 Conj/Air       ####         1%          1    None

Your spell library contained the following spells:

 Spells                   Type           Power        Failure   Level  Hunger
 Throw Flame              Conj/Fire      #####.       1%          2    None
 Inner Flame              Hex/Fire       ###.....     1%          3    ##.....
 Mephitic Cloud           Conj/Pois/Air  ###.....     2%          3    ##.....
 Poisonous Vapours        Pois/Air       ##....       3%          2    None
 Confusing Touch          Hex            #.....       4%          1    None
 Confuse                  Hex            #.......     14%         3    ##.....
 Gell's Gravitas          Tloc           #.........   14%         3    ##.....
 Petrify                  Tmut/Erth      #.......     41%         4    ####...
 Metabolic Englaciation   Hex/Ice        #.........   75%         5    #####..
 Yara's Violent Unravell  Hex/Tmut       #.........   75%         5    #####..
 Freezing Cloud           Conj/Ice/Air   ###.......   75%         6    #######
 Ring of Flames           Chrm/Fire      ###.......   99%         7    #######


Dungeon Overview and Level Annotations

Branches:
Dungeon (11/15)            Temple (1/1) D:7            Lair (1/6) D:8
    Orc: D:9-12

Altars:
Ashenzari
Cheibriados
Dithmenos
Elyvilon
Fedhas
Gozag
Hepliaklqana
Kikubaaqudgha
Makhleb
Nemelex Xobeh
Okawaru
Qazlal
Ru
Sif Muna
Trog
Uskayaw
Vehumet
Wu Jian
Xom
Yredelemnul
Zin
The Shining One

Shops:
D:5 (

Annotations:
D:10 3 runed translucent doors, Somebody's ghost, novice GnWr


Innate Abilities, Weirdness & Mutations

You can breathe wild blasts of lightning.
Your glossy black scales are hard. (AC +7)
You cannot fit into any form of body armour.
You are resistant to electric shocks. (rElec)
You are cold-blooded and may be slowed by cold attacks.


Message History

The hound bites you but does no damage. The hound bites you.
There is a stone staircase leading up here.
The hound bites you but does no damage. You block the red ugly thing's attack.
You climb upwards.
Level annotation: 3 runed translucent doors, Somebody's ghost, novice GnWr A manticore comes into view.
The manticore flicks its tail.
The volley of spikes hits you!
The barbed spikes become lodged in your body.
* * * LOW HITPOINT WARNING * * *
There is a stone staircase leading down here.
As you read the scroll of fear, it crumbles to dust.
You assume a fearsome visage.
The hound looks frightened!
The red ugly thing resists with some effort.
The manticore looks frightened!
You have got your breath back.
The red ugly thing engulfs you.
* * * LOW HITPOINT WARNING * * *
You are engulfed in flames!!
You die...

#########...# #
###
#........)..>
#. #..
.............
.# #.#
#.######..[..
.##.# #.#
##.... #.#.#
#.# ####. #h..#
#.####### #)
##..u#
#........ #.
..#.@#
#..###### #.
#.....####..#
#.
####........#
#. #....<...#
...
#........#####.
###
#..............
##.......######
#......)#
######
#.......#
#.....


You could see a red ugly thing and a hound (fleeing).

Vanquished Creatures
  Harold (D:6)
  A spiny frog (Lair:1)
  A troll (D:8)
  Grinder (D:6)
  A hippogriff (Lair:1)
  4 yaks (D:10)
  2 wyverns
  Eustachio (D:6)
  2 hungry ghosts (D:10)
  2 water moccasins
  Duvessa (D:6)
  2 orc warriors
  3 ice beasts
  A phantom (D:7)
  6 ogres
  A necrophage (D:9)
  4 wolves (D:8)
  6 centaurs
  5 bullfrogs
  Dowan (D:6)
  2 scorpions
  2 vampire bats (D:8)
  3 jellies
  An electric eel (D:8)
  2 howler monkeys (D:11)
  3 crimson imps
  A centaur zombie (D:10)
  Crazy Yiuf (D:2)
  A centaur skeleton (D:6)
  8 hounds
  A bullfrog skeleton (D:4)
  2 gnoll shamans
  3 iguanas
  A human zombie (D:4)
  Ijyb (D:3)
  5 orc wizards
  5 worker ants
  A killer bee zombie (D:7)
  3 hound zombies
  14 adders
  14 gnolls
  2 shadow imps
  An ooze (D:3)
  5 worms
  4 dart slugs
  8 leopard geckos
  28 orcs
  5 ball pythons
  A bat skeleton (D:8)
  4 bat zombies (D:8)
  5 giant cockroaches
  16 goblins
  8 hobgoblins
  9 jackals
  7 kobolds
  5 quokkas
  3 bats
  5 frilled lizards
  3 leopard gecko skeletons
  A quokka zombie (D:7)
  10 rats
  A fungus (D:2)
251 creatures vanquished.

Vanquished Creatures (others)
  A worm (D:2)
  2 plants (D:10)
3 creatures vanquished.

Grand Total: 254 creatures vanquished

Notes
Turn   | Place    | Note
-------+----------+-------------------------------------------
     0 | D:1      | mortelune the Draconian Fire Elementalist began the quest
                  | for the Orb.
     0 | D:1      | Reached XP level 1. HP: 14/14 MP: 3/3
   213 | D:1      | Reached XP level 2. HP: 22/22 MP: 0/5
   262 | D:1      | Learned a level 2 spell: Throw Flame
  1053 | D:2      | Reached XP level 3. HP: 21/27 MP: 1/6
  1184 | D:2      | Reached skill level 1 in Fighting
  1491 | D:2      | Found a stormy altar of Qazlal.
  2014 | D:2      | Reached XP level 4. HP: 19/35 MP: 1/7
  2074 | D:2      | Learned a level 3 spell: Conjure Flame
  2645 | D:2      | Found an iron altar of Okawaru.
  2690 | D:2      | Found a runed translucent door.
  2691 | D:2      | Noticed Crazy Yiuf
  3342 | D:3      | Reached XP level 5. HP: 41/41 MP: 6/9
  3645 | D:3      | Found a sparkling altar of Nemelex Xobeh.
  3683 | D:3      | Noticed Ijyb
  3737 | D:3      | Killed Ijyb
  4682 | D:4      | Reached XP level 6. HP: 25/48 MP: 0/10
  4771 | D:4      | Noticed a human
  4878 | D:4      | Found a runed translucent door.
  4883 | D:4      | Found a basalt altar of Yredelemnul.
  5509 | D:5      | Entered Level 5 of the Dungeon
  5782 | D:5      | Found Miym's Antique Weapon Emporium.
  5840 | D:5      | Your scales start taking on a glossy black colour.
  5840 | D:5      | Reached XP level 7. HP: 53/56 MP: 1/12
  5840 | D:5      | Gained mutation: You are resistant to electric shocks.
                  | (rElec) [Black Draconian growth]
  5864 | D:5      | Reached skill level 5 in Fire Magic
  6006 | D:5      | Learned a level 4 spell: Sticky Flame
  7013 | D:5      | Bought a fine scimitar for 198 gold pieces
  7013 | D:5      | Identified the +4 scimitar of Dosai {flame, rN+} (You
                  | bought it in a shop on level 5 of the Dungeon)
  7034 | D:6      | Noticed Dowan
  7230 | D:6      | Noticed Eustachio
  7267 | D:6      | Killed Eustachio
  7284 | D:6      | Reached skill level 5 in Conjurations
  7284 | D:6      | Reached XP level 8. HP: 22/64 MP: 2/14
  7499 | D:6      | Noticed Duvessa
  7517 | D:6      | Killed Duvessa
  7715 | D:6      | Killed Dowan
  7929 | D:6      | Noticed Grinder
  8164 | D:6      | Killed Grinder
  8455 | D:6      | Learned a level 5 spell: Fireball
  8475 | D:6      | Reached XP level 9. HP: 71/72 MP: 10/16
  8832 | D:6      | Reached skill level 5 in Spellcasting
  8885 | D:7      | Found a staircase to the Ecumenical Temple.
  8914 | Temple   | Entered the Ecumenical Temple
  9045 | Temple   | Became a worshipper of Vehumet
  9212 | D:6      | Reached skill level 1 in Shields
  9503 | D:7      | Noticed Harold
  9504 | D:7      | Reached skill level 5 in Fighting
  9757 | D:7      | Upgraded the game from 0.24-a0-333-g864f2b5 to
                  | 0.24-a0-335-g06ca16a
  9974 | D:6      | Killed Harold
 10441 | D:2      | Killed Crazy Yiuf
 10629 | D:8      | Found a shattered altar of Ashenzari.
 10648 | D:8      | Reached * piety under Vehumet
 10648 | D:8      | Offered knowledge of Shock by Vehumet.
 10661 | D:7      | Learned a level 1 spell: Shock
 10921 | D:8      | Reached XP level 10. HP: 83/83 MP: 6/18
 11004 | D:8      | Found a staircase to the Lair.
 11772 | D:8      | Reached skill level 1 in Air Magic
 12063 | D:8      | Found an ancient bone altar of Kikubaaqudgha.
 12333 | D:9      | Offered knowledge of Throw Frost by Vehumet.
 12402 | D:9      | Noticed a two-headed ogre
 12498 | Lair:1   | Entered Level 1 of the Lair of Beasts
 12503 | Lair:1   | Noticed a spiny frog
 12508 | Lair:1   | Learned a level 2 spell: Throw Frost
 12518 | Lair:1   | Killed a spiny frog
 12643 | Lair:1   | Found a dark tunnel.
 12657 | Volcano  | Entered a volcano
 12665 | Volcano  | Noticed a toenail golem
 12665 | Volcano  | Noticed a wizard
 12665 | Volcano  | Noticed a toenail golem
 12668 | Volcano  | Paralysed by a wizard for 2 turns
 12815 | Lair:1   | Noticed a five-headed hydra
 13169 | D:10     | Entered Level 10 of the Dungeon
 13198 | D:10     | Reached ** piety under Vehumet
 13629 | D:10     | Noticed a gargoyle
 14428 | D:10     | Found a runed translucent gate.
 14428 | D:10     | Found a runed translucent gate.
 14428 | D:10     | Found a runed translucent gate.
 14438 | D:10     | Noticed a nine-headed hydra
 14438 | D:10     | Noticed Somebody's ghost (novice GnWr)
 14852 | D:11     | Noticed a red ugly thing
 14882 | D:10     | Noticed a manticore
 14883 | D:10     | Mangled by a red ugly thing

Levels and vault maps discovered:
D:1:      lightli_arrival_isolated_outpost, layout_loops_ring
D:2:      layout_rooms, grunt_qazlal_clouds, grunt_decor_arrowhead,
          kennysheep_okawaru_gauntlet, uniq_crazy_yiuf_cottage
D:3:      kennysheep_the_goblin_king, layout_loops_ring,
          nemelex_xobeh_ov_fountains_minmay, minmay_fountain_box, st_stairs_11
D:4:      layout_basic, dk_yredelemnul_ordeal
D:5:      layout_cave_pools, serial_shops, shop, first_ration,
          grunt_ministairs_10, minmay_crystal_water
D:6:      layout_basic, uniq_duvessa, uniq_grinder, uniq_eustachio
D:7:      layout_cave_pools, minmay_temple_entry_trees, uniq_harold
D:8:      layout_loops_corners, kennysheep_vampire_church, ashenzari_altar_1,
          erik_lair_island
D:9:      layout_big_octagon, hangedman_pestilent_swarm
D:10:     layout_loops_ring, gammafunk_ghost_hydra_chop, fungi_pond_lemuel
D:11:     layout_roguey, erik_orc_2, nrook_campfire
Temple:   compressed_dpeg_circular_temple
Lair:1:   minmay_lair_venomous_thicket, layout_cave_pods,
          nicolae_volcano_entry_lava_flow

Skill      XL: |  1  2  3  4  5  6  7  8  9 10 |
---------------+-------------------------------+-----
Dodging        | 2 3 |  3.7
Fighting       | 1 2 3 4 5 6 |  6.8
Conjurations   | 2 3 5 6 7 9 |  9.0
Fire Magic     | 4 5 7 8 9 |  9.5
Spellcasting   | 3 4 5 6 |  6.3
Shields        | 2 4 |  4.0
Air Magic      | 3 |  3.3
Stealth        | |  1.7

Action                   |  1- 3 |  4- 6 |  7- 9 | 10-12 || total
-------------------------+-------+-------+-------+-------++-------
Melee: Club              |    13 |    28 |       |       ||    41
       Tailslap          |     1 |    11 |    18 |     3 ||    33
       Spear             |       |    53 |    85 |       ||   138
       Scimitar          |       |       |    59 |     6 ||    65
 Cast: Flame Tongue      |    57 |   104 |   144 |   149 ||   454
       Throw Flame       |    19 |    54 |    52 |     7 ||   132
       Conjure Flame     |       |     1 |     1 |    11 ||    13
       Sticky Flame      |       |       |    29 |    20 ||    49
       Shock             |       |       |    13 |    27 ||    40
       Throw Frost       |       |       |       |    25 ||    25
       Fireball          |       |       |       |     4 ||     4
 Abil: Breathe Lightning |       |       |     3 |     1 ||     4
Evoke: Wand              |       |       |       |     2 ||     2
  Use: Scroll            |     2 |     1 |     3 |    10 ||    16
  Eat: Chunk             |     6 |    13 |    20 |    16 ||    55
       Ration            |       |     2 |     1 |       ||     3
Armor: Skin              |    18 |    49 |    97 |    22 ||   186
Dodge: Dodged            |    32 |    65 |   176 |    43 ||   316
Block: Buckler           |       |       |    21 |    20 ||    41
       Rpst.: Scimitar   |       |       |    32 |     7 ||    39

Table legend:
 A = Non-vault XP
 B = Vault XP
 C = Vault XP percentage of total XP
 D = Non-vault monster count
 E = Vault monster count
 F = Vault count percentage of total count
                 A         B        C        D         E       F
            +---------+---------+-------+---------+---------+-------
      Total |    7535 |    2919 |  27.9 |     212 |      38 |  15.2
            +---------+---------+-------+---------+---------+-------
        D:1 |      27 |       0 |   0.0 |      16 |       0 |   0.0
        D:2 |     127 |      46 |  26.6 |      29 |       3 |   9.4
        D:3 |     134 |      62 |  31.6 |      27 |      12 |  30.8
        D:4 |     121 |      39 |  24.4 |       8 |       1 |  11.1
        D:5 |     537 |       3 |   0.6 |      23 |       1 |   4.2
        D:6 |    1567 |    1715 |  52.3 |      39 |       5 |  11.4
        D:7 |     575 |       0 |   0.0 |      15 |       0 |   0.0
        D:8 |     624 |    1054 |  62.8 |      18 |      16 |  47.1
        D:9 |     638 |       0 |   0.0 |       6 |       0 |   0.0
       D:10 |    2406 |       0 |   0.0 |      27 |       0 |   0.0
       D:11 |     106 |       0 |   0.0 |       2 |       0 |   0.0
     Lair:1 |     673 |       0 |   0.0 |       2 |       0 |   0.0
            +---------+---------+-------+---------+---------+-------
